 Dungeon Crawl Stone Soup version 0.21.1-1-g345015fe64 (webtiles) character file.

86755 Jannitor the Covert (level 15, -6/113 HPs)
             Began as a Vampire Chaos Knight on Apr 18, 2018.
             Killed from afar by a deep elf mage (22 damage)
             ... with a bolt of fire
             ... on level 12 of the Dungeon on Apr 21, 2018.
             The game lasted 02:02:02 (33645 turns).

Jannitor the Covert (Vampire Chaos Knight)         Turns: 33645, Time: 02:02:03

Health: -6/113     AC:  0    Str: 12    XL:     15   Next: 41%
Magic:  5/25       EV: 31    Int: 20    God:    Xom [..*...]
Gold:   619        SH:  0    Dex: 19    Spells: 7/28 levels left

rFire    . . .     SeeInvis +   (weapon currently unavailable)
rCold    + . .     Gourm    .   (shield currently unavailable)
rNeg     + + .     Faith    .   (armour currently unavailable)
rPois    +         Spirit   .   (helmet currently unavailable)
rElec    .         Reflect  .   (cloak currently unavailable)
rCorr    .         Harm     .   (gloves currently unavailable)
MR       +....                  (boots currently unavailable)
Stlth    ++++++++..             (no amulet)
HPRegen  0.14/turn              (ring currently unavailable)
MPRegen  0.19/turn              (ring currently unavailable)

@: bat-form, flying, very slightly contaminated, regenerating slowly, very quick
A: tiny, fangs 3, see invisible, berserk 1, mutation resistance 1
a: End Transformation, Renounce Religion


You were on level 12 of the Dungeon.
You worshipped Xom.
You were a toy of Xom.
You were very thirsty.
You were in vampire-bat-form.
You visited 3 branches of the dungeon, and saw 20 of its levels.

You collected 2399 gold pieces.
You spent 1780 gold pieces at shops.

Inventory:

Hand Weapons
 a - the +2 short sword of Duihubu {vamp, rC+ MR+}
   (You took it off a centaur on level 8 of the Dungeon)

   It inflicts no extra harm, but heals its wielder when it wounds a living foe.
   It protects you from cold.
   It affects your resistance to hostile enchantments.
 b - the +5 shortbow of the End of Times {venom, rElec}
   (You found it on level 1 of the Lair of Beasts)

   It poisons the ammo it fires.
   It insulates you from electricity.
 h - a +2 rapier of electrocution
 o - the +3 Elemental Staff (melded) {rElec rF++ rC++ MR++ AC+5}
   (Xom gifted it to you on level 3 of the Lair of Beasts)

   It affects your AC (+5).
   It greatly protects you from fire.
   It greatly protects you from cold.
   It insulates you from electricity.
   It affects your resistance to hostile enchantments.
 X - a +6 double sword
Missiles
 D - 475 arrows
Armour
 l - a +0 leather armour of magic resistance
 s - a +2 robe of magic resistance (melded)
 u - a +0 pair of gloves (melded)
 v - a +0 pair of boots (melded)
 G - a +1 hat (melded)
 S - a +2 robe of positive energy
 U - a +0 cloak of invisibility (melded)
 V - a +0 buckler of positive energy
Jewellery
 f - an uncursed ring of resist corrosion
 k - an uncursed ring of stealth {unknown}
 q - a +3 ring of dexterity
 r - a +5 ring of evasion (melded)
 E - a +3 ring of evasion (melded)
 T - an uncursed ring of protection from magic
 Y - a +2 ring of strength {unknown}
Wands
 F - a wand of disintegration (3)
 I - a wand of clouds (2)
 J - a wand of flame (39)
 M - a wand of iceblast (13)
 N - a wand of random effects (78)
 R - a wand of scattershot (7)
Scrolls
 e - 3 scrolls of teleportation
 g - 2 scrolls of fog
 t - a scroll of amnesia
 y - 3 scrolls of magic mapping
 A - 2 scrolls of enchant armour
 B - 4 scrolls of identify
 H - 2 scrolls of vulnerability
 P - 9 scrolls of remove curse
Potions
 c - 4 potions of might
 d - 3 potions of brilliance
 m - 2 potions of invisibility
 n - a potion of mutation
 p - a potion of berserk rage
 x - 2 potions of cancellation
 z - 2 potions of magic
 C - 2 potions of curing
 K - 2 potions of blood
 W - a potion of agility
Books
 i - a Grand Grimoire

   Spells                             Type                      Level
   a - Monstrous Menagerie            Summoning                    7
   b - Summon Greater Demon           Summoning                    7
   c - Malign Gateway                 Summoning/Translocation      7
   d - Summon Horrible Things         Summoning                    8
 j - a book of Minor Magic

   Spells                             Type                      Level
   a - Magic Dart                     Conjuration                  1
   b - Blink                          Translocation                2
   c - Call Imp                       Summoning                    2
   d - Slow                           Hexes                        2
   e - Conjure Flame                  Conjuration/Fire             3
   f - Mephitic Cloud                 Conjuration/Poison/Air       3
 w - a book of Misfortune

   Spells                             Type                      Level
   a - Confusing Touch                Hexes                        1
   b - Confuse                        Hexes                        3
   c - Gell's Gravitas                Translocation                3
   d - Petrify                        Transmutation/Earth          4
   e - Metabolic Englaciation         Hexes/Ice                    5
   f - Yara's Violent Unravelling     Hexes/Transmutation          5
 L - a book of Frost

   Spells                             Type                      Level
   a - Freeze                         Ice                          1
   b - Throw Frost                    Conjuration/Ice              2
   c - Ozocubu's Armour               Charms/Ice                   3
   d - Throw Icicle                   Conjuration/Ice              4
   e - Summon Ice Beast               Ice/Summoning                4
 Q - a book of Death

   Spells                             Type                      Level
   a - Corpse Rot                     Necromancy                   2
   b - Sublimation of Blood           Necromancy                   2
   c - Agony                          Necromancy                   5
   d - Dispel Undead                  Necromancy                   5
   e - Excruciating Wounds            Charms/Necromancy            5
   f - Bolt of Draining               Conjuration/Necromancy       5
Miscellaneous
 O - a phial of floods (inert)


   Skills:
 - Level 9.3 Fighting
 - Level 10.8 Short Blades
 - Level 3.6 Staves
 - Level 4.2 Bows
 - Level 0.7 Armour
 - Level 10.6 Dodging
 - Level 14.0 Stealth
 + Level 7.3 Spellcasting
 + Level 3.9 Conjurations
 - Level 11.4 Hexes
 - Level 4.1 Summonings
 * Level 8.9 Ice Magic
 - Level 7.0 Evocations


You had 7 spell levels left.
You knew the following spells:

 Your Spells              Type           Power        Failure   Level  Hunger
a - Throw Icicle          Conj/Ice       ####....     6%          4    ###....
b - Confuse               Hex            ######..     1%          3    #......
c - Summon Ice Beast      Ice/Summ       ####....     6%          4    ###....
d - Throw Frost           Conj/Ice       ####..       1%          2    None
e - Metabolic Englaciati  Hex/Ice        #####.....   3%          5    #####..
f - Slow                  Hex            ######..     1%          2    None
g - Confusing Touch       Hex            ######       1%          1    None


Dungeon Overview and Level Annotations

Branches:
Dungeon (12/15)            Temple (0/1) D:6            Lair (6/6) D:8
  Swamp (0/4) Lair:4        Snake (0/4) Lair:3        Slime (0/5) Lair:6
    Orc (2/2) D:9             Elf (0/3) Orc:2

Altars:
Fedhas
Gozag
Makhleb
Nemelex Xobeh
Okawaru
Ru
Xom
Yredelemnul
The Shining One
Beogh
Jiyva

Shops:
D:6 %?   D:7 ?   D:8 [   D:9 *   D:11 :[   Orc:1 %   Orc:2 [!([

Annotations:
D:12 1 runed door
Lair:3 exclusion: downstairs
Lair:6 tensugalgo's ghost, journeyman DrGl


Innate Abilities, Weirdness & Mutations

You heal slowly.
You have razor-sharp teeth.
You have supernaturally acute eyesight. (SInv)
((You can survive without breathing.))
((You have very sharp fingernails.))
((You have large cloven feet.))
((You have a pair of small horns on your head.))
((You are partially covered in icy blue scales. (AC +2)))
((You are mostly covered in thin metallic scales. (AC +3)))
You tend to lose your temper in combat.
You are somewhat resistant to further mutation.
((You are resistant to electric shocks. (rElec)))


Message History

The frost giant is engulfed in poison gas.
The frost giant looks as sick as possible!
The crimson imp blinks!
You see here a potion of agility.
Unknown command.
The ogre mage gestures at you while chanting.
The bolt of poison misses you.
The orc warrior is engulfed in poison gas.
The orc warrior looks as sick as possible!
Unknown command.
You feel a bit more experienced.
Found 16 bolts.
Unknown command.
Things that are here:
19 stones; a hunting sling; a scroll of fog The deep elf mage shouts!
The deep elf mage points at you and mumbles some strange words.
The bolt of fire hits you!
You die...
Xom chuckles heartily!

#.####..####.....# #.#
.......†.........## ##.#
.................. ...#
..........$.....# #..#
%z........⌠.⌠...# #..#
.#)!.......8....# #..#
..:.O.....⌠.⌠...# #..#
..(.C%..Y..(....###########..#
#.##.#.#.##..#y!b...)...ep...#
##.##..(##.##..[..[...<.E....#
.#..[..## #...###########..#
#.#%.!#.# #...# #..#
....#.#(#...#..# #..#
#.#.8.8.8.....e.# #..#
.(.#.8.8..##+...# #..#
.8##.#.... #?.# 8..}##....
#..#


You could see a deep elf mage and a vampire mosquito.

Vanquished Creatures
  Rupert (D:11)
  An emperor scorpion (Lair:4)
  An orc warlord (Orc:2)
  The ghost of Dickchan the Impaler, a journeyman MfIE of Dithmenos (Lair:5)
  The ghost of Tynka the Geomancer, a journeyman FoEE of Vehumet (Lair:2)
  Snorg (Lair:3)
  Fannar (Lair:3)
  A great orb of eyes (Lair:4)
  8 hydras
  Harold (D:11)
  4 two-headed ogres
  8 death yaks
  An orc high priest (Orc:2)
  Urug (D:11)
  Sonja (Lair:4)
  An unseen horror (D:10)
  A lindwurm (Lair:3)
  2 orc knights
  A deep elf mage (D:12)
  An ugly thing (D:12)
  2 manticores
  5 elephants
  2 black mambas (Lair:3)
  Psyche (D:8)
  7 spiny frogs
  8 komodo dragons
  A kobold demonologist (D:12)
  5 rime drakes
  4 trolls
  2 meliai
  A wind drake (Lair:3)
  2 hornets
  2 polar bears
  5 blink frogs
  6 hippogriffs
  A shadow (D:12)
  22 yaks
  2 wyverns
  A wraith (D:11)
  2 basilisks
  3 hungry ghosts
  A steam dragon (Lair:4)
  5 swamp worms (Lair:4)
  A vampire mosquito (D:11)
  An acid dragon (D:12)
  A soldier ant (Lair:3)
  An acid dragon (shapeshifter) (Lair:5)
  Duvessa (D:6)
  22 water moccasins
  4 porcupines
  A porcupine (shapeshifter) (D:12)
  5 sky beasts
  20 orc warriors
  An eye of draining (D:10)
  2 phantoms
  2 ice beasts
  A necrophage (D:8)
  A boggart (D:12)
  A wolf (Lair:1)
  9 ogres
  8 centaurs
  5 crocodiles
  2 big kobolds
  20 bullfrogs
  2 wyvern zombies
  Dowan (D:6)
  A water moccasin zombie (D:8)
  A wyvern skeleton (D:10)
  A water moccasin skeleton (D:7)
  6 scorpions
  9 killer bees
  7 wights
  An electric eel (Lair:4)
  A howler monkey (D:8)
  2 centaur zombies
  7 crimson imps
  10 hounds
  A jelly (D:8)
  11 orc priests
  3 centaur skeletons
  16 orc wizards
  A bullfrog skeleton (D:12)
  12 worker ants
  2 killer bee zombies
  2 hound zombies
  A worker ant zombie (D:7)
  8 adders
  A howler monkey skeleton (D:5)
  4 shadow imps
  2 adder skeletons (D:9)
  An adder zombie (D:6)
  2 worms
  2 leopard geckos
  55 orcs
  7 giant cockroaches
  10 goblins
  8 hobgoblins
  13 jackals
  12 kobolds
  4 quokkas
  2 ball pythons
  4 bats
  3 frilled lizards
  A jackal zombie (D:9)
  2 quokka skeletons
  7 rats
  A butterfly (Lair:5)
  A fungus (Lair:2)
  A plant (Lair:5)
486 creatures vanquished.

Vanquished Creatures (collateral kills)
  A hydra (Lair:6)
  A two-headed ogre (D:8)
  An orc high priest (Orc:2)
  A manticore (D:12)
  An elephant (Lair:6)
  The ghost of tensugalgo the Skirmisher, a novice DsGl (D:4)
  An eye of devastation (Orc:1)
  2 komodo dragons (Lair:6)
  A rime drake (Lair:6)
  A polar bear (Lair:6)
  A hippogriff (D:12)
  A blink frog (Lair:5)
  A spriggan (D:7)
  A yak (D:12)
  2 hungry ghosts (D:12)
  A warg (Orc:1)
  4 orc warriors
  A necrophage (D:7)
  A centaur (D:10)
  A crocodile (Lair:2)
  2 bullfrogs
  3 killer bees (D:10)
  A howler monkey (D:8)
  A crimson imp (D:12)
  4 orc priests
  A hound (D:12)
  3 orc wizards
  A gnoll (shapeshifter) (Orc:2)
  5 adders
  16 orcs
  3 kobolds (D:9)
  A quokka (D:6)
  A plant (Lair:6)
67 creatures vanquished.

Vanquished Creatures (others)
  A dancing weapon (D:9)
  A rime drake (Lair:4)
  A yak (Lair:3)
  A water moccasin (Lair:3)
  3 orc wizards
  A ball python (Lair:3)
  A hobgoblin (D:2)
  A kobold (D:9)
  20 fungi
  30 plants
60 creatures vanquished.

Grand Total: 613 creatures vanquished

Notes
Turn   | Place    | Note
-------+----------+-------------------------------------------
     0 | D:1      | Jannitor the Vampire Chaos Knight began the quest for the Orb.
     0 | D:1      | Reached XP level 1. HP: 17/17 MP: 1/1
     6 | D:1      | XOM: silly message
   117 | D:1      | XOM: divination: detect creatures
   203 | D:1      | Reached skill level 1 in Stealth
   209 | D:1      | Reached XP level 2. HP: 22/23 MP: 2/2
   335 | D:1      | Noticed a scorpion
   335 | D:1      | a jackal changed into a scorpion
   338 | D:1      | Killed a scorpion
   338 | D:1      | Reached skill level 2 in Stealth
   338 | D:1      | Reached XP level 3. HP: 22/29 MP: 3/3
   548 | D:1      | Reached XP level 4. HP: 33/35 MP: 4/4
  1482 | D:2      | Found a glowing golden altar of the Shining One.
  1484 | D:2      | Noticed an angel
  1498 | D:2      | Found a basalt altar of Yredelemnul.
  1500 | D:2      | Noticed a profane servitor
  1651 | D:2      | Reached skill level 3 in Stealth
  1748 | D:2      | Found an iron altar of Okawaru.
  2180 | D:3      | XOM: harmless Pois miscast
  2550 | D:3      | Reached XP level 5. HP: 41/41 MP: 5/5
  2726 | D:4      | Noticed tensugalgo's ghost (novice DsGl)
  2731 | D:4      | XOM: summons 5 friendly demons
  2751 | D:4      | Killed tensugalgo's ghost
  2751 | D:4      | Reached skill level 4 in Stealth
  2751 | D:4      | Reached XP level 6. HP: 36/48 MP: 6/6
  2943 | D:4      | XOM: god gift: mace {god gift}
  3028 | D:4      | Found a sacrificial altar of Ru.
  3452 | D:4      | XOM: butterfly on damage
  3456 | D:4      | Reached skill level 5 in Short Blades
  3456 | D:4      | Reached skill level 5 in Stealth
  3599 | D:4      | XOM: harmless Conj miscast
  3760 | D:4      | XOM: harmless Chrm miscast
  3809 | D:4      | XOM: divination: detect creatures
  4021 | D:4      | XOM: mild Chrm miscast
  4119 | D:4      | XOM: mild Tmut miscast
  4316 | D:5      | Entered Level 5 of the Dungeon
  4888 | D:5      | XOM: give mutation
  4888 | D:5      | Gained mutation: You are frail. (-10% HP) [Xom's mischief]
  4936 | D:5      | Lost mutation: You are frail. (-10% HP) [potion of mutation]
  4936 | D:5      | Gained mutation: You possess an exceptional clarity of mind. [potion of mutation]
  4936 | D:5      | Gained mutation: Your mind is acute. (Int +2) [potion of mutation]
  4936 | D:5      | Gained mutation: You are partially covered in thin metallic scales. (AC +2) [potion of mutation]
  4940 | D:5      | Reached XP level 7. HP: 48/54 MP: 7/7
  5433 | D:6      | Noticed Dowan
  5433 | D:6      | XOM: summons 3 hostile demons
  5434 | D:6      | Noticed a smoke demon
  5434 | D:6      | Noticed an ice devil
  5436 | D:6      | Noticed Duvessa
  5436 | D:6      | XOM: swap monsters
  5812 | D:6      | XOM: butterfly on damage
  6109 | D:5      | XOM: medium Pois miscast
  6189 | D:6      | XOM: 1-stop teleportation journey
  6197 | D:6      | Found a staircase to the Ecumenical Temple.
  6213 | D:6      | XOM: give mutations
  6213 | D:6      | Gained mutation: Your body sometimes deteriorates upon taking damage. [Xom's mischief]
  6213 | D:6      | Gained mutation: Armour fits poorly on your strangely shaped body. [Xom's mischief]
  6213 | D:6      | Lost mutation: Your mind is acute. (Int +2) [Xom's mischief]
  6214 | D:6      | Lost mutation: You possess an exceptional clarity of mind. [potion of mutation]
  6214 | D:6      | Lost mutation: Armour fits poorly on your strangely shaped body. [potion of mutation]
  6214 | D:6      | Gained mutation: You are frail. (-10% HP) [potion of mutation]
  6214 | D:6      | Gained mutation: You are resistant to hostile enchantments. (MR+) [potion of mutation]
  6214 | D:6      | Gained mutation: You are somewhat resistant to further mutation. [potion of mutation]
  6250 | D:6      | XOM: 2-stop teleportation journey
  6251 | D:6      | Noticed a hungry ghost
  6251 | D:6      | XOM: blink monster(s)
  6251 | D:6      | Reached skill level 6 in Stealth
  6261 | D:6      | XOM: swap monsters
  6264 | D:6      | XOM: mild Tmut miscast
  6266 | D:6      | XOM: divination: detect creatures
  6271 | D:6      | Reached skill level 5 in Dodging
  6271 | D:6      | Reached skill level 1 in Evocations
  6273 | D:6      | XOM: summons 3 hostile demons
  6276 | D:6      | Killed a hungry ghost
  6286 | D:6      | XOM: enchant monster (bad)
  6287 | D:6      | Found Vanoc's Food Boutique.
  6387 | D:5      | XOM: draining
  6507 | D:5      | XOM: give mutations
  6507 | D:5      | Gained mutation: You occasionally shout uncontrollably at your foes. [Xom's mischief]
  6507 | D:5      | Gained mutation: You are clumsy. (Dex -2) [Xom's mischief]
  6507 | D:5      | Lost mutation: You are clumsy. (Dex -2) [Xom's mischief]
  6507 | D:5      | Gained mutation: You are dopey. (Int -2) [Xom's mischief]
  6565 | D:5      | XOM: divination: detect creatures
  7058 | D:7      | XOM: summons friendly white imp
  7067 | D:7      | XOM: confuse monster(s)
  7076 | D:7      | XOM: summons 4 friendly demons
  7077 | D:7      | Reached XP level 8. HP: 54/54 MP: 9/9
  7087 | D:7      | Reached skill level 5 in Fighting
  7087 | D:7      | Reached skill level 7 in Stealth
  7107 | D:7      | XOM: god gift: 27 stones
  7280 | D:7      | XOM: polymorph white imp -> shadow imp
  7499 | D:7      | XOM: cloud trail
  7590 | D:7      | Learned a level 2 spell: Slow
  7609 | D:7      | Reached skill level 1 in Hexes
  7641 | D:7      | Found Yhiel's Magic Scroll Emporium.
  7655 | D:7      | Bought a scroll of enchant armour for 105 gold pieces
  7655 | D:7      | Bought a scroll of teleportation for 42 gold pieces
  7655 | D:7      | Bought a scroll of fog for 28 gold pieces
  7818 | D:7      | XOM: fog
  7900 | D:7      | XOM: swap monsters
  8030 | D:6      | XOM: smoke on damage
  8081 | D:6      | XOM: potion effect (curing)
  8089 | D:6      | XOM: god gift: shiny plate armour {god gift}
  8097 | D:6      | Reached skill level 8 in Stealth
  8114 | D:6      | Found Nemad's Magic Scroll Boutique.
  8115 | D:6      | Found a burning altar of Makhleb.
  8117 | D:6      | Found a sparkling altar of Nemelex Xobeh.
  8118 | D:6      | Found a sacrificial altar of Ru.
  8118 | D:6      | XOM: summons 8 friendly demons
  8140 | D:6      | Killed Duvessa
  8168 | D:6      | XOM: harmless Tmut miscast
  8172 | D:6      | Killed Dowan
  8235 | D:6      | Reached XP level 9. HP: 38/61 MP: 11/11
  8300 | D:6      | Learned a level 3 spell: Confuse
  8348 | D:6      | XOM: divination: detect items
  8398 | D:6      | Bought a scroll of blinking for 82 gold pieces
  8398 | D:6      | Bought a scroll of vulnerability for 82 gold pieces
  8398 | D:6      | Bought a scroll of teleportation for 33 gold pieces
  8578 | D:6      | XOM: give mutations
  8578 | D:6      | Lost mutation: You are dopey. (Int -2) [Xom's mischief]
  8578 | D:6      | Gained mutation: You are agile. (Dex +2) [Xom's mischief]
  8578 | D:6      | Gained mutation: You are weak. (Str -2) [Xom's mischief]
  8578 | D:6      | Lost mutation: You are frail. (-10% HP) [Xom's mischief]
  8735 | D:6      | Learned a level 1 spell: Confusing Touch
  8749 | D:6      | XOM: give mutations
  8749 | D:6      | Lost mutation: You are weak. (Str -2) [Xom's grace]
  8749 | D:6      | Gained mutation: You have sharp toenails. [Xom's grace]
  8788 | D:8      | Noticed a two-headed ogre
  8859 | D:8      | Found a staircase to the Lair.
  8885 | D:8      | Found a sacrificial altar of Ru.
  8934 | D:8      | Noticed a two-headed ogre
  8943 | D:8      | XOM: smoke on damage
  8946 | D:8      | Killed a two-headed ogre
  8946 | D:8      | Reached skill level 9 in Stealth
  8948 | D:8      | XOM: divination: magic mapping
  8949 | D:8      | XOM: give mutations
  8949 | D:8      | Gained mutation: You are mostly covered in thin metallic scales. (AC +3) [Xom's mischief]
  8949 | D:8      | Gained mutation: Your magical capacity is low. (-10% MP) [Xom's mischief]
  9140 | D:8      | XOM: confusion
  9144 | D:8      | XOM: butterfly on damage
  9146 | D:8      | XOM: enchant monster (good)
  9160 | D:8      | XOM: fog
  9286 | D:8      | Noticed a two-headed ogre
  9291 | D:8      | Noticed a two-headed ogre
  9293 | D:8      | XOM: fog
  9338 | D:8      | Killed a two-headed ogre
  9338 | D:8      | Reached skill level 5 in Hexes
  9585 | D:8      | Reached XP level 10. HP: 58/77 MP: 12/12
  9623 | D:8      | Got an encrusted short sword {vamp}
  9652 | D:8      | Identified the +2 short sword of Duihubu {vamp, rC+ MR+} (You took it off a centaur on level 8 of the Dungeon)
  9779 | D:8      | XOM: cast spell 'Summon Horrible Things'
  9783 | D:8      | Killed a two-headed ogre
  9783 | D:8      | Reached skill level 10 in Stealth
  9806 | D:8      | XOM: god gift: sack of spiders
  9992 | D:8      | Noticed Psyche
 10006 | D:8      | Killed Psyche
 10055 | D:8      | Found Ucih's Armour Emporium.
 10195 | D:8      | XOM: noise
 10251 | D:8      | XOM is BORED!
 10398 | D:9      | Reached skill level 5 in Evocations
 10403 | D:9      | XOM: divination: magic mapping
 10453 | D:9      | XOM: divination: detect creatures
 10546 | D:9      | XOM: noise
 10570 | D:9      | XOM: divination: detect items
 10588 | D:9      | XOM: noise
 10600 | D:9      | XOM: enchant monster (bad)
 10647 | D:9      | XOM: polymorph yak -> meliai
 10654 | D:9      | Reached skill level 11 in Stealth
 10662 | D:9      | XOM: cast spell 'Metabolic Englaciation'
 10665 | D:9      | XOM: harmless Fire miscast
 10689 | D:9      | XOM: destruction
 10695 | D:9      | XOM: blink monster(s)
 10754 | D:9      | XOM: enchant monster (good)
 10755 | D:9      | XOM: cast spell 'Dispersal'
 10823 | D:9      | Found Eeutsant's Eclectic Emporium.
 10837 | D:9      | Killed a two-headed ogre
 10842 | D:9      | XOM: summons 4 friendly demons
 10909 | D:9      | Found a staircase to the Orcish Mines.
 10971 | D:9      | Found an opulent altar of Gozag.
 10979 | D:9      | XOM: repel stairs
 10984 | D:9      | XOM: divination: magic mapping
 10991 | D:9      | Reached XP level 11. HP: 69/84 MP: 13/13
 10998 | D:9      | XOM: confuse monster(s)
 11162 | D:9      | XOM: confuse monster(s)
 11312 | D:10     | Entered Level 10 of the Dungeon
 11404 | Lair:1   | Entered Level 1 of the Lair of Beasts
 11469 | Lair:1   | XOM: enchant monster (good)
 12128 | Lair:1   | Noticed a seven-headed hydra
 12131 | Lair:1   | XOM: potion effect (haste)
 12136 | Lair:1   | Killed a seven-headed hydra
 12144 | Lair:1   | XOM: divination: detect items
 12447 | Lair:1   | XOM: god gift: 10 arrows
 12452 | Lair:1   | Reached skill level 1 in Spellcasting
 12545 | Lair:1   | Identified the +5 shortbow of the End of Times {venom, rElec} (You found it on level 1 of the Lair of Beasts)
 12696 | D:9      | XOM: noise
 12697 | D:9      | XOM: god gift: scroll labeled MEFUM CURULO {god gift}
 12724 | Orc:1    | Entered Level 1 of the Orcish Mines
 12812 | Orc:2    | Entered Level 2 of the Orcish Mines
 12812 | Orc:2    | Found a staircase to the Elven Halls.
 12899 | Orc:2    | Found a roughly hewn altar of Beogh.
 12903 | Orc:2    | Found Hoinurant's Antique Armour Emporium.
 12920 | Orc:2    | XOM: cast spell 'Summon Dragon'
 13062 | Orc:2    | Found a roughly hewn altar of Beogh.
 13067 | Orc:2    | Noticed an orc high priest
 13070 | Orc:2    | Found Miseutre's Distillery.
 13076 | Orc:2    | Killed an orc high priest
 13095 | Orc:2    | Bought a potion of heal wounds for 70 gold pieces
 13095 | Orc:2    | Bought a potion of might for 56 gold pieces
 13238 | Orc:2    | XOM: cast spell 'Leda's Liquefaction'
 13245 | Orc:2    | Reached skill level 12 in Stealth
 13251 | Orc:2    | XOM: stat loss: -1 Dex (12/15)
 13321 | Orc:2    | Noticed an orc warlord
 13329 | Orc:2    | XOM: confusion
 13338 | Orc:2    | Noticed an orc high priest
 13342 | Orc:2    | XOM: polymorph orc -> adder
 13366 | Orc:2    | XOM: summons 6 friendly demons
 13369 | Orc:2    | XOM: polymorph adder -> gnoll
 13382 | Orc:2    | Killed an orc high priest
 13382 | Orc:2    | Reached skill level 1 in Bows
 13443 | Orc:2    | Noticed an orc knight
 13461 | Orc:2    | Killed an orc knight
 13608 | Orc:2    | XOM: enchant monster (bad)
 13627 | Orc:2    | XOM: swap monsters
 13681 | Orc:2    | XOM: god gift: 42 gold pieces
 13727 | Orc:2    | XOM: harmless Summ miscast
 13885 | Orc:2    | XOM: 1-stop teleportation journey
 14041 | Orc:2    | XOM: noise
 14043 | Orc:1    | Found Dudaniv's Food Boutique.
 14128 | Orc:1    | Noticed Nergalle
 14133 | Orc:1    | XOM: enchant monster (bad)
 14135 | Orc:1    | Noticed Nergalle
 14135 | Orc:1    | Nergalle changed into Nergalle the eye of devastation
 14135 | Orc:1    | XOM: polymorph Nergalle -> Nergalle the eye of devastation
 14144 | Orc:1    | Killed Nergalle the eye of devastation
 14168 | Orc:1    | XOM: chaos upgrade
 14736 | Orc:2    | Found a roughly hewn altar of Beogh.
 14743 | Orc:2    | XOM: confusion
 14755 | Orc:2    | XOM: harmless Hex miscast
 14792 | Orc:2    | XOM: swap monsters
 14972 | Orc:1    | XOM: mild Pois miscast
 15224 | Orc:2    | Found a roughly hewn altar of Beogh.
 15226 | Orc:2    | XOM: chaos upgrade
 15247 | Orc:2    | XOM: noise
 15434 | Orc:2    | XOM: give mutations
 15434 | Orc:2    | Gained mutation: Armour fits poorly on your strangely shaped body. [Xom's mischief]
 15434 | Orc:2    | Gained mutation: You are frail. (-10% HP) [Xom's mischief]
 15434 | Orc:2    | Gained mutation: You are very frail. (-20% HP) [Xom's mischief]
 15434 | Orc:2    | Lost mutation: You are agile. (Dex +2) [Xom's mischief]
 15435 | Orc:2    | Lost mutation: Your magical capacity is low. (-10% MP) [potion of mutation]
 15435 | Orc:2    | Lost mutation: You are somewhat resistant to further mutation. [potion of mutation]
 15435 | Orc:2    | Lost mutation: You have sharp toenails. [potion of mutation]
 15435 | Orc:2    | Gained mutation: You have sharp fingernails. [potion of mutation]
 15436 | Orc:2    | Lost mutation: You are very frail. (-20% HP) [potion of mutation]
 15436 | Orc:2    | Lost mutation: You are frail. (-10% HP) [potion of mutation]
 15436 | Orc:2    | Lost mutation: Armour fits poorly on your strangely shaped body. [potion of mutation]
 15436 | Orc:2    | Lost mutation: Your body sometimes deteriorates upon taking damage. [potion of mutation]
 15436 | Orc:2    | Gained mutation: You tend to lose your temper in combat. [potion of mutation]
 15436 | Orc:2    | Gained mutation: You are agile. (Dex +2) [potion of mutation]
 15534 | Orc:2    | XOM: potion effect (haste)
 15548 | Orc:2    | XOM: noise
 15554 | Orc:2    | XOM: destruction
 15711 | Orc:2    | XOM: summons 5 hostile demons
 15732 | Orc:1    | XOM: scenery: create altars
 15870 | Orc:2    | XOM: summons friendly white imp
 16059 | Orc:1    | XOM: medium Summ miscast
 16200 | Orc:2    | XOM: divination: detect creatures
 16588 | Orc:2    | XOM: silly message
 16599 | Orc:2    | Killed an orc warlord
 16611 | Orc:2    | XOM: harmless Hex miscast
 16643 | Orc:2    | Found a roughly hewn altar of Beogh.
 16655 | Orc:2    | Reached XP level 12. HP: 85/93 MP: 16/16
 16739 | Orc:2    | Found a roughly hewn altar of Beogh.
 16739 | Orc:2    | Found Reig's Antique Weapon Shop.
 16773 | Orc:2    | Found Zoumazu's Antique Armour Boutique.
 16872 | Orc:2    | Bought a glowing buckler for 262 gold pieces
 16872 | Orc:2    | Bought a shimmering ring mail for 315 gold pieces
 16888 | Orc:2    | Identified the +1 ring mail of Ywukoc {rC- Str+5 Int+2} (You bought it in a shop on level 2 of the Orcish Mines)
 16973 | Orc:2    | Found a roughly hewn altar of Beogh.
 16975 | Orc:2    | XOM: butterfly on damage
 17680 | Lair:2   | Noticed a five-headed hydra
 17681 | Lair:2   | Noticed Tynka's ghost (journeyman FoEE)
 17779 | Lair:2   | Noticed a five-headed hydra
 17795 | Lair:2   | XOM: noise
 17803 | Lair:2   | XOM: fog
 17804 | Lair:1   | XOM: harmless Erth miscast
 17808 | Lair:1   | XOM: summons friendly quasit
 17811 | Lair:1   | XOM: cast spell 'Summon Small Mammal'
 17813 | Lair:1   | XOM: enchant monster (bad)
 17820 | Lair:1   | Killed a five-headed hydra
 17940 | Lair:1   | XOM: give mutation
 17940 | Lair:1   | Gained mutation: You are highly resistant to hostile enchantments. (MR++) [Xom's grace]
 18000 | Lair:2   | XOM: enchant monster (good)
 18001 | Lair:2   | XOM: scenery: create altars
 18009 | Lair:2   | Killed a five-headed hydra
 18009 | Lair:2   | Reached skill level 10 in Hexes
 18121 | Lair:2   | XOM: potion effect (invisibility)
 18132 | Lair:2   | Reached skill level 10 in Short Blades
 18193 | Lair:2   | Reached skill level 13 in Stealth
 18205 | Lair:2   | XOM is BORED!
 18205 | Lair:2   | XOM: swap monsters
 18439 | Lair:2   | XOM: god gift: robe {god gift}
 18477 | Lair:2   | XOM: scenery: 1 doors open
 18491 | Lair:2   | Killed Tynka's ghost
 18735 | Lair:2   | XOM: scenery: create altars
 18756 | Lair:2   | XOM: god gift: ration
 18771 | Lair:2   | XOM: cleaving
 18870 | Lair:2   | Identified the +5 scimitar of Amorality {freeze, rPois Str+2} (You found it on level 2 of the Lair of Beasts)
 18983 | Lair:2   | XOM: divination: detect creatures
 19035 | Lair:3   | Noticed a five-headed hydra
 19042 | Lair:3   | Killed a five-headed hydra
 19042 | Lair:3   | Reached skill level 10 in Dodging
 19053 | Lair:3   | XOM: confuse monster(s)
 19074 | Lair:3   | XOM: summons friendly iron imp
 19078 | Lair:3   | XOM: fake destruction
 19082 | Lair:3   | XOM: divine lightning
 19086 | Lair:3   | XOM: scenery: create altars
 19097 | Lair:3   | XOM: scenery: create altars
 19133 | Lair:3   | XOM: confuse monster(s)
 19187 | Lair:3   | XOM: 1-stop teleportation journey
 19196 | Lair:3   | XOM: noise
 19199 | Lair:3   | Noticed Fannar
 19199 | Lair:3   | XOM: confuse monster(s)
 19202 | Lair:3   | XOM: swap monsters
 19228 | Lair:3   | Killed Fannar
 19242 | Lair:3   | XOM: harmless Fire miscast
 19273 | Lair:3   | XOM: potion effect (invisibility)
 19393 | Lair:3   | Found a staircase to the Snake Pit.
 19411 | Lair:3   | XOM: cloud trail
 19444 | Lair:3   | XOM: divination: magic mapping
 19447 | Lair:3   | XOM: potion effect (curing)
 19450 | Lair:3   | XOM: confuse monster(s)
 19455 | Lair:3   | XOM: summons friendly white imp
 19590 | Lair:3   | Noticed Snorg
 19590 | Lair:3   | XOM: enchant monster (good)
 19597 | Lair:3   | Killed Snorg
 19597 | Lair:3   | Reached XP level 13. HP: 101/101 MP: 18/20
 19903 | Lair:3   | XOM: cloud trail
 20349 | Lair:4   | XOM: cleaving
 20360 | Lair:3   | XOM: polymorph spiny frog -> wind drake
 20600 | Lair:3   | XOM: polymorph crocodile -> soldier ant
 20660 | Lair:4   | Found a blossoming altar of Fedhas.
 20689 | Lair:4   | Noticed Sonja
 20691 | Lair:4   | XOM: mild Summ miscast
 20704 | Lair:4   | Killed Sonja
 20715 | Lair:4   | XOM: medium Air miscast
 20752 | Lair:4   | XOM: polymorph porcupine -> steam dragon
 20791 | Lair:4   | XOM: harmless Ice miscast
 20810 | Lair:4   | XOM: harmless Pois miscast
 21227 | Lair:4   | XOM: harmless Ice miscast
 21241 | Lair:4   | XOM: 3-stop teleportation journey
 21280 | Lair:4   | XOM: swap monsters
 21297 | Lair:4   | XOM: polymorph swamp worm -> great orb of eyes
 21299 | Lair:4   | Reached skill level 5 in Spellcasting
 21768 | Lair:4   | XOM: medium Air miscast
 21832 | Lair:4   | XOM: enchant monster (bad)
 21838 | Lair:4   | XOM: harmless Ice miscast
 22089 | Lair:4   | XOM: confusion (+ monsters)
 22104 | Lair:4   | XOM: silly message
 22138 | Lair:4   | XOM: swap monsters
 22317 | Lair:4   | Found a staircase to the Swamp.
 22562 | Lair:4   | XOM: god gift: wand of iceblast (13)
 22640 | Lair:5   | XOM: 7-stop teleportation journey
 22711 | Lair:5   | Reached skill level 14 in Stealth
 22788 | Lair:4   | XOM: cleaving
 22796 | Lair:4   | XOM: give mutation
 22796 | Lair:4   | Lost mutation: You are agile. (Dex +2) [Xom's mischief]
 22807 | Lair:4   | XOM: divination: detect creatures
 23208 | Lair:5   | Lost mutation: You occasionally shout uncontrollably at your foes. [potion of mutation]
 23208 | Lair:5   | Lost mutation: You are highly resistant to hostile enchantments. (MR++) [potion of mutation]
 23208 | Lair:5   | Lost mutation: You are resistant to hostile enchantments. (MR+) [potion of mutation]
 23208 | Lair:5   | Gained mutation: You have large cloven feet. [potion of mutation]
 23208 | Lair:5   | Gained mutation: You are somewhat resistant to further mutation. [potion of mutation]
 23273 | Lair:5   | XOM: snakes to sticks
 23311 | Lair:4   | XOM: summons friendly shadow imp
 23317 | Lair:4   | Noticed an emperor scorpion
 23317 | Lair:4   | a death yak changed into an emperor scorpion
 23317 | Lair:4   | XOM: polymorph death yak -> emperor scorpion
 23350 | Lair:3   | XOM: god gift: leatherbound book {god gift}
 23806 | Lair:3   | XOM: scenery: create altars
 23889 | Lair:3   | XOM: god gift: 15 arrows
 23896 | Lair:3   | XOM: god gift: +3 Elemental Staff {rElec rF++ rC++ MR++ AC+5}
 23897 | Lair:3   | Found the +3 Elemental Staff {rElec rF++ rC++ MR++ AC+5}
 23904 | Lair:3   | Learned a level 2 spell: Throw Frost
 24030 | Lair:4   | XOM: destruction
 24036 | Lair:4   | XOM: summons friendly chaos spawn
 24042 | Lair:4   | Killed an emperor scorpion
 24042 | Lair:4   | Reached skill level 1 in Ice Magic
 24087 | Lair:4   | Learned a level 5 spell: Metabolic Englaciation
 24092 | Lair:4   | Learned a level 4 spell: Throw Icicle
 24097 | Lair:4   | Learned a level 4 spell: Summon Ice Beast
 24192 | Lair:4   | XOM: divination: detect creatures
 24339 | Lair:5   | XOM: harmless Summ miscast
 24346 | Lair:5   | Reached skill level 1 in Staves
 24346 | Lair:5   | XOM: enchant monster (good)
 24353 | Lair:5   | Reached skill level 1 in Conjurations
 24360 | Lair:5   | XOM: cast spell 'Summon Ice Beast'
 24387 | Lair:5   | XOM: cloud trail
 24506 | Lair:5   | XOM: silly message
 24852 | Lair:6   | Entered Level 6 of the Lair of Beasts
 24854 | Lair:6   | XOM: harmless Erth miscast
 24855 | Lair:6   | XOM: enchant monster (good)
 25017 | Lair:5   | XOM: summons 5 friendly demons
 25223 | Lair:5   | Noticed Dickchan's ghost (journeyman MfIE)
 25226 | Lair:5   | XOM: fog
 25230 | Lair:5   | XOM: summons 8 friendly demons
 25238 | Lair:5   | Killed Dickchan's ghost
 25529 | Lair:5   | XOM: mild Hex miscast
 25537 | Lair:6   | XOM: confuse monster(s)
 25541 | Lair:6   | XOM: cast spell 'Alistair's Intoxication'
 25668 | Lair:5   | XOM: potion effect (invisibility)
 25906 | Lair:6   | XOM: confuse monster(s)
 25956 | Lair:6   | Noticed tensugalgo's ghost (journeyman DrGl)
 26061 | Lair:6   | XOM: torment (62/101 hp)
 26185 | Lair:6   | XOM: cleaving
 26202 | Lair:6   | XOM: confusion
 26252 | Lair:6   | XOM: 1-stop teleportation journey
 26271 | Lair:6   | XOM: confuse monster(s)
 26283 | Lair:6   | XOM: divination: magic mapping
 26287 | Lair:6   | XOM: summons 2 friendly demons
 26318 | Lair:6   | XOM: harmless Tloc miscast
 26320 | Lair:6   | XOM: divination: detect items
 26331 | Lair:6   | XOM: silly message
 26335 | Lair:6   | XOM: mild Chrm miscast
 26341 | Lair:6   | XOM: 1-stop teleportation journey
 26352 | Lair:6   | XOM: confusion (+ monsters)
 26401 | Lair:6   | Reached skill level 5 in Ice Magic
 26401 | Lair:6   | Reached XP level 14. HP: 92/108 MP: 9/23
 26470 | Lair:6   | XOM: medium Necr miscast
 26518 | Lair:6   | Found a staircase to the Slime Pits.
 26518 | Lair:6   | XOM: harmless Hex miscast
 26519 | Lair:6   | Found a viscous altar of Jiyva.
 26530 | Lair:6   | XOM: polymorph crocodile -> crocodile
 26531 | Lair:5   | XOM: polymorph crocodile -> wyvern
 26582 | Lair:5   | XOM: give mutation
 26582 | Lair:5   | Gained mutation: You are partially covered in icy blue scales. (AC +2) [Xom's grace]
 26722 | Lair:5   | XOM: 1-stop teleportation journey
 26738 | Lair:5   | XOM: scenery: create altars
 26743 | Lair:5   | XOM: polymorph harpy -> meliai
 26844 | Lair:5   | XOM: give mutation
 26844 | Lair:5   | Gained mutation: You have very sharp fingernails. [Xom's grace]
 27272 | Lair:5   | XOM: scenery: create altars
 27333 | Lair:6   | XOM: summons 14 friendly demons
 27350 | Lair:6   | XOM: cleaving
 27367 | Lair:6   | Noticed a quicksilver dragon
 27367 | Lair:6   | a dire elephant changed into a quicksilver dragon
 27373 | Lair:5   | XOM: summons 11 friendly demons
 27538 | Lair:4   | XOM: god gift: wand of scattershot (6)
 27977 | Lair:2   | XOM: give mutations
 27977 | Lair:2   | Gained mutation: You have a pair of small horns on your head. [Xom's grace]
 27977 | Lair:2   | Gained mutation: You are resistant to electric shocks. (rElec) [Xom's grace]
 28073 | D:6      | Bought a scroll of teleportation for 33 gold pieces
 28073 | D:6      | Bought a scroll of identify for 22 gold pieces
 28524 | D:9      | XOM: god gift: 14 gold pieces
 28645 | D:9      | Bought a potion of experience for 650 gold pieces
 28645 | D:9      | Reached XP level 15. HP: 113/113 MP: 24/24
 29189 | D:10     | XOM: scenery: create altars
 29471 | D:10     | XOM: scenery: create altars
 29934 | D:10     | XOM: scenery: create altars
 30123 | D:11     | Found Okkeun's Book Emporium.
 30238 | D:11     | Identified 3 scrolls of acquirement
 30375 | D:11     | XOM: scenery: create altars
 30410 | D:11     | Found Poshreug's Armour Shop.
 30485 | D:11     | XOM: noise
 30756 | D:11     | XOM: scenery: 1 doors open
 30838 | D:11     | Noticed Urug
 30849 | D:11     | XOM: scenery: 1 doors open
 30851 | D:11     | Noticed Harold
 30877 | D:11     | XOM: potion effect (might)
 30880 | D:11     | Killed Harold
 30880 | D:11     | XOM: potion effect (might)
 30885 | D:11     | Killed Urug
 30915 | D:11     | XOM: medium Conj miscast
 31030 | D:11     | XOM: god gift: plate armour {god gift}
 31129 | D:11     | XOM: scenery: 1 doors close
 31305 | D:12     | XOM: mild Air miscast
 31311 | D:12     | XOM: butterfly on damage
 31598 | D:11     | XOM: harmless Hex miscast
 31986 | D:12     | Found a runed door.
 32053 | D:11     | XOM: divination: detect creatures
 32226 | D:11     | XOM: harmless Erth miscast
 32427 | D:12     | Noticed Rupert
 32427 | D:12     | XOM: potion effect (magic)
 32573 | D:11     | XOM: potion effect (haste)
 32602 | D:11     | Killed Rupert
 32883 | D:12     | XOM: harmless Ice miscast
 33380 | D:11     | XOM: harmless Erth miscast
 33608 | D:12     | Noticed a frost giant
 33628 | D:12     | XOM: smoke on damage
 33645 | D:12     | Killed from afar by a deep elf mage

Skill      XL: |  1  2  3  4  5  6  7  8  9 10 11 12 13 14 15 |
---------------+----------------------------------------------+-----
Stealth        | 1 2 3 4 5 6 8 9 11 12 13 14 | 14.0
Fighting       | 3 4 5 6 7 8 9 |  9.3
Dodging        | 3 4 5 6 7 8 9 10 | 10.6
Short Blades   | 4 5 6 7 8 9 10 | 10.8
Evocations     | 1 3 4 5 6 7 |  7.0
Hexes          | 2 5 7 9 11 | 11.4
Spellcasting   | 3 4 6 7 |  7.3
Bows           | 2 3 4 |  4.2
Ice Magic      | 5 7 8 |  8.9
Staves         | 2 3 |  3.6
Conjurations   | 2 3 |  3.9
Summonings     | 4 |  4.1
Armour         | |  0.7

Action                   |  1- 3 |  4- 6 |  7- 9 | 10-12 | 13-15 || total
-------------------------+-------+-------+-------+-------+-------++-------
Melee: Short sword       |    49 |   194 |   258 |  1152 |   463 ||  2116
       Bite              |     2 |    11 |    37 |   150 |   112 ||   312
       Rapier            |       |       |    80 |    89 |   159 ||   328
       Unarmed           |       |       |     3 |     1 |    10 ||    14
       Staff             |       |       |       |       |   396 ||   396
       Headbutt          |       |       |       |       |    70 ||    70
 Fire: Shortbow          |       |       |       |    62 |    32 ||    94
Throw: Tomahawk          |       |       |     1 |     1 |       ||     2
 Cast: Confusing Touch   |       |       |     1 |     2 |     7 ||    10
       Slow              |       |       |     1 |     2 |     5 ||     8
       Confuse           |       |       |       |    78 |    65 ||   143
       Metabolic Englaci |       |       |       |       |    15 ||    15
       Summon Ice Beast  |       |       |       |       |    36 ||    36
       Throw Icicle      |       |       |       |       |    18 ||    18
 Abil: Bat Form          |       |       |       |       |     4 ||     4
       End Transformatio |       |       |       |       |     3 ||     3
       Evoke Invisibilit |       |       |       |       |     4 ||     4
Evoke: Wand              |       |       |     5 |     8 |    12 ||    25
       Phial of floods   |       |       |       |     2 |     2 ||     4
       Sack of spiders   |       |       |       |     8 |       ||     8
  Use: Potion            |       |    13 |    13 |    32 |    37 ||    95
       Scroll            |       |       |     9 |    12 |    11 ||    32
 Stab: Sleeping          |       |    13 |     5 |    17 |    14 ||    49
       Confused          |       |       |     9 |    52 |    43 ||   104
       Petrifying        |       |       |     2 |       |       ||     2
       Distracted        |       |       |     1 |     7 |     5 ||    13
       Invisible         |       |       |       |    13 |    21 ||    34
       Petrified         |       |       |       |    10 |     1 ||    11
  Eat: Corpse            |       |       |     2 |       |       ||     2
Armor: Leather armour    |    18 |    45 |    70 |       |       ||   133
       Robe              |       |       |    20 |   142 |   125 ||   287
       Skin              |       |       |       |       |    82 ||    82
Dodge: Dodged            |    37 |   109 |   260 |   842 |  1082 ||  2330
